 Dungeon Crawl Stone Soup version 0.18-a0-1243-g9e52518 (webtiles) character file.

158 namelastname112 the Cudgeler (level 5, -6/45 HPs)
             Began as a Draconian Gladiator on Feb 5, 2016.
             Was an Initiate of Gozag.
             Killed by nerve-wracking pain
             ... invoked by an orc priest
              (10 damage)
             ... on level 4 of the Dungeon.
             The game lasted 00:06:49 (3278 turns).

namelastname112 the Cudgeler (Draconian Gladiator)  Turns: 3278, Time: 00:06:49

Health: -6/45      AC:  6    Str: 18    XL:     5   Next: 16%
Magic:  5/5        EV: 14    Int:  8    God:    Gozag
Gold:   311        SH:  0    Dex: 12    Spells: 0 memorised, 4 levels left

rFire  . . .     SeeInvis .     a - +0 flail
rCold  . . .     Gourm    .     (armour unavailable)
rNeg   . . .     Faith    .     (no shield)
rPois  +         Spirit   .     b - +0 hat
rElec  .         Dismiss  .     (no cloak)
rCorr  .         Reflect  .     m - +0 pair of gloves
SustAt .         Harm     .     (no boots)
MR     .....                    (no amulet)
Stlth  ++........               (no ring)
                                g - +1 ring of evasion

@: gold aura, flying, not resistant to hostile enchantments, unstealthy
A: unfitting armour, camouflage 1, blink, poison resistance, cold-blooded, AC +5
a: Blink, Potion Petition, Call Merchant, Bribe Branch, Renounce Religion


You were on level 4 of the Dungeon.
You worshipped Gozag.
Gozag was noncommittal.
You were hungry.

You visited 1 branch of the dungeon, and saw 4 of its levels.

You collected 335 gold pieces.
You paid 24 gold pieces to Gozag.

Inventory:

Hand Weapons
 a - a +0 flail (weapon)
 s - a +0 blowgun
Missiles
 c - 4 throwing nets (quivered)
 e - 2 tomahawks
 t - 11 poisoned needles
Armour
 b - a +0 hat (worn)
 m - a +0 pair of gloves (worn)
Jewellery
 g - a +1 ring of evasion (left hand)
Scrolls
 i - a scroll of recharging {unknown}
 j - 2 scrolls of teleportation {unknown}
 k - 4 scrolls of identify {unknown}
 n - a scroll of random uselessness {unknown}
 o - a scroll of magic mapping {unknown}
 r - a scroll of immolation {unknown}
 v - a scroll of fear {unknown}
Potions
 h - 2 potions of flight
Comestibles
 d - 2 bread rations
 f - a meat ration
 q - a beef jerky
 u - a fruit


   Skills:
 + Level 3.2 Fighting
 * Level 4.5 Maces & Flails
 + Level 2.6 Throwing
 + Level 3.1 Dodging


You had 4 spell levels left.
You didn't know any spells.

Dungeon Overview and Level Annotations

Branches:
Dungeon (4/15)
 Temple: D:4-7

Altars:
Gozag
Kikubaaqudgha
Ru
The Shining One
Lugonu

Portals:
Abyss: D:1


Innate Abilities, Weirdness & Mutations

Your plain brown scales are hard (AC +5).
Your body does not fit into most forms of armour.
You are cold-blooded and may be slowed by cold attacks.
Your skin changes colour to match your surroundings (Stealth).
You can translocate small distances at will.
Your system is resistant to poisons.


Message History

You feel resistant to poisons.
You feel jittery.
Your skin functions as natural camouflage.
The orc wizard points at you and mumbles some strange words.
The magic dart hits you!
You barely miss the orc wizard.
The orc wizard is severely wounded.
The orc priest invokes the aid of Beogh against you.
Something smites you!
* * * LOW HITPOINT WARNING * * *
The orc wizard hits you with a dagger.
* * * LOW HITPOINT WARNING * * *
Drink which item? (? for menu, Esc to quit)
Okay, then.
You hit the orc wizard.
You kill the orc wizard!
You have reached level 5!
The orc priest calls down the wrath of Beogh upon you.
Pain shoots through your body!
You die...
Your body crumbles into a pile of gold.

#.........< #..........
#.......... #........
##+## #....... ##
....######.....### ##8##
....##...#.....#@##8...8
.........#.....#$##.....
.........#.....oo#_.....
.........'.....####.....
.........#.......##8...8
.........#.......# ##8##
.........#.......# ##
....##...#...........#
....##...#.........$.#


You could see an orc priest and an orc.

Vanquished Creatures
  An orc wizard (D:4)
  Robin (D:2)
  3 adders
  An ooze (D:1)
  A worm (D:2)
  2 giant geckos
  2 giant cockroaches (D:1)
  18 goblins
  15 hobgoblins
  6 jackals (D:2)
  4 quokkas
  8 bats
  3 giant newts
  8 kobolds
  5 rats
78 creatures vanquished.

Notes
Turn   | Place    | Note
--------------------------------------------------------------
     0 | D:1      | namelastname112 the Draconian Gladiator began the quest for the Orb.
     0 | D:1      | Reached XP level 1. HP: 17/17 MP: 1/1
   152 | D:1      | Reached XP level 2. HP: 25/25 MP: 2/2
   692 | D:1      | Found a one-way gate to the infinite horrors of the Abyss.
   692 | D:1      | Found a corrupted altar of Lugonu.
   692 | D:1      | Noticed a demonic crawler
   993 | D:1      | Reached XP level 3. HP: 8/30 MP: 3/3
  1265 | D:2      | Noticed Robin
  1289 | D:2      | Killed Robin
  1297 | D:2      | Reached skill level 4 in Maces & Flails
  1321 | D:2      | Reached XP level 4. HP: 17/37 MP: 4/4
  1571 | D:2      | Found an opulent altar of Gozag.
  1580 | D:2      | Became a worshipper of Gozag Ym Sagoz the Greedy
  2013 | D:2      | Found a glowing golden altar of the Shining One.
  2501 | D:3      | Found a sacrificial altar of Ru.
  3223 | D:4      | Found an ancient bone altar of Kikubaaqudgha.
  3276 | D:4      | Gained mutation: Your system is resistant to poisons. [potion of mutation]
  3276 | D:4      | Gained mutation: You can translocate small distances at will. [potion of mutation]
  3276 | D:4      | Gained mutation: Your skin changes colour to match your surroundings (Stealth). [potion of mutation]
  3278 | D:4      | Reached XP level 5. HP: 3/45 MP: 5/5
  3278 | D:4      | Killed from afar by an orc priest

Vault maps used:
D:1:      erik_arrival_cave_to_civilisation, supply_closet_lemuel
D:2:      marbit_many_paths, overflow_temple_1_default, uniq_robin
D:3:      nicolae_ru_path_of_blood
D:4:      nicolae_overflow_hidden_temple, first_bread

Action                   |  1- 3 |  4- 6 || total
-------------------------+-------+-------++-------
Melee: Flail             |   119 |   147 ||   266
  Use: Potion            |       |     3 ||     3
 Stab: Sleeping          |       |     2 ||     2
  Eat: Chunk             |       |     2 ||     2
       Meat ration       |       |     1 ||     1
